 Dungeon Crawl Stone Soup version 0.30.0-10-gfe55d96785 (webtiles) character file.

Game seed: 1123799869033172717

589 buriedalive the Chiller (level 7, -9/36 HPs)
             Began as a Deep Elf Ice Elementalist on May 15, 2023.
             Mangled by an ogre
             ... wielding a +0 giant club
              (35 damage)
             ... on level 5 of the Dungeon.
             The game lasted 00:10:56 (5206 turns).

buriedalive the Chiller (Deep Elf Ice Elementalist) Turns: 5206, Time: 00:10:57

Health: -9/36      AC:  5    Str:  5    XL:     7   Next: 15%
Magic:  15/18      EV: 14    Int: 22    God:
Gold:   164        SH:  0    Dex: 15    Spells: 12/19 levels left

rFire   . . .        e - +0 dagger (freeze)
rCold   . . .        (no shield)
rNeg    . . .        a - +0 robe
rPois   .            (no helmet)
rElec   .            d - +1 cloak
rCorr   .            (no gloves)
SInv    .            n - +0 pair of boots
Will    .....        (no amulet)
Stlth   ++           (no ring)
HPRegen 0.26/turn    (no ring)
MPRegen 0.16/turn

%: no passive effects
@: freezing walls
A: no striking features
a: no special abilities


You were on level 5 of the Dungeon.
You visited 1 branch of the dungeon, and saw 5 of its levels.

You collected 164 gold pieces.

Inventory:

Hand Weapons
 e - a +0 dagger of freezing (weapon)
Missiles
 j - 36 stones
 r - 2 throwing nets
Armour
 a - a +0 robe (worn)
 d - a +1 cloak (worn)
 n - a +0 pair of boots (worn)
Magical Staves
 u - a staff of earth
Scrolls
 f - 4 scrolls of teleportation
 h - 2 scrolls of immolation
 i - a scroll of fear
 k - a scroll of magic mapping {unknown}
 q - 3 scrolls of poison
 t - a scroll of identify
Potions
 b - a potion of magic
 c - 3 potions of flight
 g - 2 potions of lignification
 l - 2 potions of mutation
 m - a potion of might
 o - a potion of brilliance
 p - 2 potions of curing {unknown}
 s - a potion of haste {unknown}


   Skills:
 + Level 5.8 Dodging
 - Level 2.4 Stealth
 + Level 6.5 Spellcasting
 + Level 6.5 Ice Magic


You had 12 spell levels left.
You knew the following spells:

 Your Spells              Type           Power      Damage    Failure   Level
a - Freeze                Ice            100%       1d10      1%          1
b - Ozocubu's Armour      Ice            36%        N/A       1%          3
c - Frozen Ramparts       Ice            72%        1d11      1%          3

Your spell library contained the following spells:

 Spells                   Type           Power      Damage    Failure   Level
 Summon Ice Beast         Ice/Summ       21%        N/A       22%         4
 Blade Hands              Tmut           3%         N/A       94%         5
 Irradiate                Conj/Tmut      3%         3d12      94%         5
 Dragon Form              Tmut           3%         N/A       100%        7


Dungeon Overview and Level Annotations

Branches:
Dungeon (5/15)
 Temple: D:4-7

Altars:
Elyvilon

Portals:
Sewer: D:5


Message History

The frozen ramparts melt away.
Found a glowing drain.
You enter the shallow water.
Moving in this stuff is going to be slow.
There is a glowing drain here.
You enter the shallow water.
Moving in this stuff is going to be slow.
Things that are here:
a worm corpse; a worm corpse You hear the quick rusting of a drain nearby.
An ogre comes into view. It is wielding a +0 giant club.
An ogre is nearby!
The ogre shouts!
You enter the shallow water.
Moving in this stuff is going to be slow.
The ogre barely misses you.
You hit the ogre. You freeze the ogre.
The ogre is moderately wounded.
You hit the ogre but do no damage.
The ogre is moderately wounded.
The ogre hits you with a +0 giant club!
You barely miss the ogre.
The ogre is lightly wounded.
You hear the quick rusting of a very distant drain.
The ogre closely misses you.
Casting: Frozen Ramparts (safe; 1% risk of failure)
Confirm with . or Enter, or press ? or * to list all spells.
Casting: Frozen Ramparts (safe; 1% risk of failure)
Press: ? - help, Dir - look around, f - activate The walls around you are covered in ice.
Unknown command.
You hit the ogre but do no damage.
The ogre is lightly wounded.
The wall freezes the ogre!
The ogre misses you.
You hit the ogre. You freeze the ogre.
The ogre is heavily wounded.
The wall freezes the ogre but does no damage.
The ogre hits you with a +0 giant club!!
Ouch! That really hurt!
You die...

.....# .....#
.........# .....##
........ ......#
....... ......##
..... .......# ....
.......# #..
.......# #O##
.......# ##@≈#
......## ##~~≈#
....#### ##...≈#
.......######....≈#
##..............~≈#
#######.......~~≈#
##.....#..##≈... #
##.......#.##.....
#
##...........#.....


You could see an ogre.

Vanquished Creatures
  A black bear (D:4)
  2 scorpions (D:4)
  2 hounds (D:4)
  4 iguanas
  9 adders
  5 ufetubi
  6 worms
  A dart slug (D:1)
  2 orcs
  7 ball pythons
  12 bats
  10 endoplasms
  3 giant cockroaches
  11 goblins
  5 hobgoblins
  5 quokkas
  2 frilled lizards
  8 kobolds
  8 rats
103 creatures vanquished.

Notes
Turn   | Place    | Note
-------+----------+-------------------------------------------
     0 | D:1      | buriedalive the Deep Elf Ice Elementalist began the quest
                  | for the Orb.
     0 | D:1      | Reached XP level 1. HP: 10/10 MP: 6/6
   243 | D:1      | Reached XP level 2. HP: 15/15 MP: 5/8
   949 | D:1      | Reached XP level 3. HP: 19/19 MP: 8/10
   968 | D:1      | Learned a level 3 spell: Ozocubu's Armour
   972 | D:1      | Learned a level 3 spell: Frozen Ramparts
  1456 | D:2      | Reached skill level 5 in Ice Magic
  1495 | D:2      | Reached XP level 4. HP: 18/24 MP: 12/12
  2288 | D:3      | Found a faded altar of an unknown god.
  3284 | D:4      | Reached XP level 5. HP: 28/28 MP: 14/14
  3343 | D:4      | Reached skill level 5 in Spellcasting
  3848 | D:4      | Found a white marble altar of Elyvilon.
  3881 | D:4      | Noticed a black bear
  3964 | D:4      | Killed a black bear
  3965 | D:4      | Reached skill level 5 in Dodging
  3965 | D:4      | Reached XP level 6. HP: 32/32 MP: 8/16
  4557 | D:4      | Reached XP level 7. HP: 23/36 MP: 14/18
  4753 | D:5      | Entered Level 5 of the Dungeon
  5123 | D:5      | Found a glowing drain.
  5206 | D:5      | Mangled by an ogre

Illustrated notes

Levels and vault maps discovered:
D:1:      ebering_trefoil_twist, layout_basic, roderic_lattice_a,
          kennysheep_decorative_pillar
D:2:      layout_rooms
D:3:      layout_basic, hellmonk_ecumenical_altar_leap_of_faith,
          kennysheep_generic_room_10
D:4:      kennysheep_six_static_rooms, layout_basic, elyvilon_altar_3
D:5:      layout_cave_pods, serial_rivers, chequers_serial_rivers_micro_e,
          chequers_serial_rivers_room_a, chequers_serial_rivers_small_b,
          chequers_serial_rivers_room_b, chequers_serial_rivers_micro_e,
          cheibrodos_sewer_entry_bend

Skill      XL: |  1  2  3  4  5  6 |
---------------+-------------------+-----
Dodging        | 3 4 5 |  5.8
Spellcasting   | 4 5 6 |  6.5
Ice Magic      | 5 6 |  6.5
Stealth        | |  2.4

Action                     |  1- 3 |  4- 6 |  7- 9 || total
---------------------------+-------+-------+-------++-------
  Melee: Dagger            |    87 |   165 |    28 ||   280
         Unarmed           |     2 |       |       ||     2
         Punch             |     2 |       |       ||     2
   Cast: Freeze            |    34 |    22 |     5 ||    61
         Frozen Ramparts   |       |    13 |     6 ||    19
         Ozocubu's Armour  |       |     6 |       ||     6
    Use: Scroll            |     5 |     8 |     3 ||    16
   Stab: Sleeping          |     8 |     8 |       ||    16
 Armour: Robe              |    38 |    50 |    12 ||   100
  Dodge: Dodged            |    90 |   147 |    56 ||   293
